 Dungeon Crawl Stone Soup version 0.28.0-49-g6dfe1f597d (webtiles) character file.

Game seed: 1524035837826852304

9562 Exodus22XD the Cleaver (level 11, -17/101 HPs)
             Began as a Minotaur Fighter on May 19, 2022.
             Was a High Priest of Jiyva.
             Demolished by an orc knight
             ... wielding a +0 great mace
              (21 damage)
             ... on level 1 of the Orcish Mines.
             The game lasted 00:14:20 (7796 turns).

Exodus22XD the Cleaver (Minotaur Fighter)           Turns: 7796, Time: 00:14:21

Health: -17/101    AC: 20    Str: 25    XL:     11   Next: 24%
Magic:  8/10       EV:  7    Int:  5    God:    Jiyva [*****.]
Gold:   182        SH:  5    Dex: 10    Spells: 10/10 levels left

rFire   . . .      SeeInvis +   a - +0 war axe
rCold   . . .      Faith    .   c - +0 buckler
rNeg    . . .      Spirit   .   b - +0 plate armour
rPois   .          Reflect  .   (helmet unavailable)
rElec   .          Harm     .   H - +0 cloak
rCorr   +          Rampage  .   f - +1 pair of gloves
Will    ++++.                   i - +0 pair of boots
Stlth   ..........              (no amulet)
HPRegen 1.70/turn               q - ring of willpower
MPRegen 0.57/turn               v - ring of willpower

@: calling ooze
A: horns 3, retaliatory headbutt, strong-willed 2, sense surroundings 3,
eyeballs 3, noise suppression
a: Renounce Religion, Oozemancy, Slimify


You were on level 1 of the Orcish Mines.
You worshipped Jiyva.
Jiyva was extremely pleased with you.
You visited 2 branches of the dungeon, and saw 13 of its levels.

You collected 389 gold pieces.
You spent 207 gold pieces at shops.

Inventory:

Hand Weapons
 a - a +0 war axe (weapon)
 k - the +7 hunting sling of Checks and Balances {flame, +Blink rC- rN+ Stlth+}
   (You found it on level 3 of the Dungeon)

   Any ammunition fired from it burns those it strikes, dealing additional fire
   damage.
   rC:        It makes you vulnerable to cold.
   rN:        It protects you from negative energy.
   +Blink:    It lets you blink.
   Stlth:     It makes you more stealthy.
 w - a +0 eveningstar
 G - the +0 staff of Battle
   (You found it on level 11 of the Dungeon)

   It enhances your conjuration magic.
   It summons a battlesphere in combat, with strength depending on Conjurations
   skill.
   Its strikes trigger the battlesphere's blasts.
Armour
 b - a +0 plate armour (worn)
 c - a +0 buckler (worn)
 f - a +1 pair of gloves (worn)
 i - a +0 pair of boots (worn)
 H - a +0 cloak (worn)
Jewellery
 p - a ring of wizardry
 q - a ring of willpower (left hand)
 v - a ring of willpower (right hand)
 F - a ring of willpower
Wands
 e - a wand of flame (18)
 D - a wand of iceblast (9)
Scrolls
 d - a scroll of immolation
 h - a scroll of enchant weapon
 o - a scroll of fear
 r - a scroll of enchant armour
 s - 3 scrolls of summoning
 z - 2 scrolls of teleportation {unknown}
 B - a scroll of blinking {unknown}
Potions
 g - a potion of ambrosia
 j - a potion of magic
 l - a potion of attraction {unknown}
 m - a potion of haste {unknown}
 n - 2 potions of cancellation {unknown}
 t - 2 potions of lignification {unknown}
 u - a potion of brilliance
 A - a potion of curing {unknown}
 C - 2 potions of might
 E - a potion of degeneration {unknown}


   Skills:
 + Level 10.6 Fighting
 + Level 14.3 Axes
 + Level 10.8 Armour
 + Level 7.3 Shields


You had 10 spell levels left.
You didn't know any spells.
Your spell library contained the following spells:

 Spells                   Type           Power      Damage    Failure   Level
 Sublimation of Blood     Necr           0%         N/A       100%        2
 Wereblood                Tmut           0%         N/A       100%        2
 Summon Hydra             Summ           0%         N/A       100%        7


Dungeon Overview and Level Annotations

Branches:
Dungeon (11/15)            Temple (0/1) D:7            Lair (0/6) D:8
    Orc (2/2) D:10
    Elf: Orc:2

Altars:
Cheibriados
Elyvilon
Fedhas
Hepliaklqana
Kikubaaqudgha
Makhleb
Nemelex Xobeh
Okawaru
Qazlal
Wu Jian
Xom
Yredelemnul
Zin
Jiyva

Shops:
D:11 [   Orc:1 *

Annotations:
D:8 1 runed translucent door, kalagan's ghost, novice GrFi
D:9 2 transporters, burn09's ghost, novice MiBe
Orc:2 Saint Roka; Urug


Innate Abilities, Weirdness & Mutations

You have a pair of large horns on your head.
You reflexively headbutt those who attack you in melee.
You are highly strong-willed. (Will++)
You passively map a large area around you.
Your body is covered in eyes which may confuse attackers. (Acc +7, SInv)
You passively dampen the noise of your surroundings.


Message History

The eyeballs on your body gaze at the orc warrior.
The orc warrior hits itself with a +0 mace!
The wall burns the orc!
The orc barely misses you. You furiously retaliate!
You headbutt the orc!
You kill the orc!
The wall burns the orc knight!
The orc knight hits you with a +0 great mace!!
* * * LOW HITPOINT WARNING * * *
The eyeballs on your body gaze at the orc knight.
The wall burns the orc wizard!
The orc wizard hits you but does no damage.
The wall burns the orc warrior!
The orc warrior hits you with a +0 dire flail!
* * * LOW HITPOINT WARNING * * *
Okay, then.
As you read the scroll of fear, it crumbles to dust.
You assume a fearsome visage.
The orc warrior looks frightened!
The orc wizard looks frightened!
The orc knight looks frightened!
The orc warrior looks frightened!
The wall burns the orc knight!
Your attack snaps the orc knight out of its fear.
The wall burns the orc wizard!
Your attack snaps the orc wizard out of its fear.
The orc wizard mumbles some strange words.
The orc wizard flickers and vanishes for a moment.
The wall burns the orc warrior!
Your attack snaps the orc warrior out of its fear.
You block the orc warrior's attack.
Okay, then.
Press: ? - help, v - describe, . - travel
Here: an orc knight, wielding a +0 great mace and wearing a +0 chain mail (lightly wounded, strong, confused)
The floor.
Okay, then.
Okay, then.
You slash the orc wizard!
You kill the orc wizard!
You slash the orc warrior! You hit the orc warrior.
Your attack snaps the orc warrior out of its fear.
You slash the orc knight!
The wall burns the orc knight!
The orc knight hits you with a +0 great mace!!
You die...

#...######..............###
###...#.##..#..#...........##
#..#.#......................#
................#..........##
#....#...##...........##..##
#.......<.#...............#
.....#........o..........##
#...###.........o#......##
###.###.........@).....##
#...#.......#..o).....# ##### ##
##.#...........#......###.#.###.
####.##......#......###.....#..
#####.................#.##..
#...#..............####≈.
##.###....#.....#...##≈≈. ###
###.###....#...##≈≈∩
######......###≈≈≈


You could see an orc knight (strong, confused) and 2 orc warriors.

Vanquished Creatures
  An orc sorcerer (Orc:1)
  An elephant (D:8)
  Maurice (Orc:1)
  Psyche (D:10)
  3 tengu conjurers (D:11)
  A hornet (D:9)
  A shadow (D:9)
  16 yaks
  A steam dragon (D:8)
  A basilisk (D:8)
  2 acid dragons
  4 orc warriors
  A black bear (D:8)
  A sky beast (D:7)
  3 ice beasts
  3 centaurs
  3 kobold brigands
  2 bullfrogs
  A scorpion (D:5)
  8 killer bees
  3 howler monkeys
  7 wights
  An electric eel (D:11)
  A bullfrog zombie (D:5)
  5 centaur zombies
  A gnoll shaman (D:6)
  7 orc priests
  A hound (D:5)
  Jessica (D:2)
  3 iguanas
  11 orc wizards
  A hound skeleton (D:5)
  A howler monkey skeleton (D:2)
  A howler monkey zombie (D:9)
  7 gnolls
  4 adders
  An ufetubus (D:6)
  2 worms
  2 dart slugs (D:2)
  18 orcs
  3 ball pythons
  An endoplasm (D:2)
  2 giant cockroaches
  4 hobgoblins
  11 kobolds
  9 bats
  2 frilled lizards
  5 rats
170 creatures vanquished.

Vanquished Creatures (collateral kills)
  A two-headed ogre (D:11)
  A cyclops (D:9)
  A troll (D:11)
3 creatures vanquished.

Vanquished Creatures (others)
  A centaur zombie (D:10)
  2 yaks (D:10)
  An ogre (D:4)
  A centaur (D:8)
  A phantom (D:5)
  3 kobold brigands
  Blork the orc (D:4)
  2 howler monkeys (D:7)
  30 jellies
  An iguana (D:7)
  3 orc wizards
  A hound skeleton (D:5)
  5 gnolls
  4 adders
  A shadow imp (D:5)
  A white imp (D:6)
  An endoplasm (D:4)
  7 orcs
  2 giant cockroaches
  3 hobgoblins
  19 kobolds
  A frilled lizard (D:3)
  A rat (D:3)
  A fungus (D:8)
  A plant (D:8)
  4 withered plants (D:3)
98 creatures vanquished.

Grand Total: 271 creatures vanquished

Notes
Turn   | Place    | Note
-------+----------+-------------------------------------------
     0 | D:1      | Exodus22XD the Minotaur Fighter began the quest for the
                  | Orb.
     0 | D:1      | Reached XP level 1. HP: 19/19 MP: 0/0
    68 | D:1      | Reached XP level 2. HP: 27/27 MP: 1/1
   155 | D:1      | You fall into a shaft and drop 1 floor!
   202 | D:2      | Reached XP level 3. HP: 33/33 MP: 2/2
   289 | D:2      | Noticed Jessica
   295 | D:2      | Killed Jessica
   296 | D:2      | Reached skill level 3 in Axes
   611 | D:2      | Reached XP level 4. HP: 40/40 MP: 3/3
   730 | D:3      | Found a faded altar of an unknown god.
   735 | D:3      | Prayed at the altar of an unknown god.
   735 | D:3      | Became a worshipper of Jiyva Jisyih the Shapeless
   735 | D:3      | Reached * piety under Jiyva
   747 | D:3      | Found a basalt altar of Yredelemnul.
   806 | D:3      | Identified the +7 hunting sling of Checks and Balances
                  | {flame, +Blink rC- rN+ Stlth+}
   873 | D:3      | Found an ornate altar of the Wu Jian Council.
   945 | D:3      | Reached ** piety under Jiyva
  1008 | D:3      | Reached skill level 4 in Axes
  1061 | D:3      | Found a blossoming altar of Fedhas.
  1296 | D:4      | Reached XP level 5. HP: 47/47 MP: 4/4
  1364 | D:4      | Killed an ogre
  1422 | D:4      | Killed Blork the orc
  1780 | D:5      | Entered Level 5 of the Dungeon
  1854 | D:5      | Killed a phantom
  1855 | D:5      | Reached skill level 5 in Axes
  1874 | D:5      | Found a stormy altar of Qazlal.
  1875 | D:5      | Noticed a fire elemental
  1890 | D:5      | Reached *** piety under Jiyva
  1897 | D:5      | Reached XP level 6. HP: 53/55 MP: 5/5
  1917 | D:5      | Noticed a water elemental
  1917 | D:5      | Noticed an air elemental
  1927 | D:5      | Reached skill level 5 in Fighting
  1927 | D:5      | Reached skill level 5 in Armour
  2123 | D:5      | Noticed a yak
  2134 | D:5      | Killed a yak
  2135 | D:5      | Reached skill level 6 in Axes
  2135 | D:5      | Reached skill level 5 in Shields
  2135 | D:5      | Reached XP level 7. HP: 40/61 MP: 6/6
  2637 | D:6      | Gained mutation: You are covered in slimy tendrils that may
                  | disarm your opponents. [Jiyva's grace]
  2637 | D:6      | Gained mutation: You passively dampen the noise of your
                  | surroundings. [Jiyva's grace]
  2637 | D:6      | Gained mutation: You are strong-willed. (Will+) [Jiyva's
                  | grace]
  2637 | D:6      | Gained mutation: You are highly strong-willed. (Will++)
                  | [Jiyva's grace]
  2777 | D:6      | Reached skill level 7 in Axes
  3094 | D:6      | Found an iron altar of Okawaru.
  3173 | D:7      | Reached **** piety under Jiyva
  3527 | D:7      | Reached XP level 8. HP: 37/70 MP: 7/7
  3607 | D:7      | Found a shimmering altar of Xom.
  3637 | D:7      | Found a staircase to the Ecumenical Temple.
  3743 | D:7      | Reached ***** piety under Jiyva
  3879 | D:7      | Found a hazy altar of Hepliaklqana.
  4162 | D:8      | Reached skill level 8 in Axes
  4420 | D:8      | Found a staircase to the Lair.
  4420 | D:8      | Noticed an elephant
  4438 | D:8      | Reached skill level 9 in Axes
  4442 | D:8      | Killed an elephant
  4443 | D:8      | Reached XP level 9. HP: 78/79 MP: 8/8
  4491 | D:8      | Lost mutation: You are covered in slimy tendrils that may
                  | disarm your opponents. [Jiyva's grace]
  4491 | D:8      | Gained mutation: You passively map a small area around you.
                  | [Jiyva's grace]
  4491 | D:8      | Gained mutation: You passively map the area around you.
                  | [Jiyva's grace]
  4491 | D:8      | Gained mutation: You passively map a large area around you.
                  | [Jiyva's grace]
  4491 | D:8      | Gained mutation: Your rubbery body absorbs attacks. (AC +1,
                  | EV +1) [Jiyva's grace]
  4600 | D:8      | Found a sparkling altar of Nemelex Xobeh.
  4636 | D:8      | Found a runed translucent door.
  4636 | D:8      | Noticed kalagan's ghost (novice GrFi)
  4652 | D:8      | Found a glowing silver altar of Zin.
  4868 | D:9      | Reached skill level 10 in Axes
  4896 | D:9      | Noticed a cyclops
  4900 | D:9      | Killed a cyclops
  4954 | D:9      | Reached skill level 11 in Axes
  5048 | D:9      | Found an ancient bone altar of Kikubaaqudgha.
  5165 | D:9      | Found a white marble altar of Elyvilon.
  5166 | D:9      | Found a burning altar of Makhleb.
  5296 | D:9      | Paralysed by a hornet for 1 turns
  5300 | D:9      | Reached XP level 10. HP: 67/89 MP: 9/9
  5363 | D:9      | Found a transporter.
  5366 | D:9      | Noticed a two-headed ogre
  5366 | D:9      | Noticed burn09's ghost (novice MiBe)
  5366 | D:9      | Noticed a two-headed ogre
  5366 | D:9      | Identified the +8 dire flail of Accord {drain, Fragile
                  | Str+5}
  5366 | D:9      | Noticed a two-headed ogre
  5367 | D:9      | Noticed a two-headed ogre
  5369 | D:9      | Noticed a two-headed ogre
  5589 | D:9      | Found a transporter.
  5614 | D:10     | Entered Level 10 of the Dungeon
  5733 | D:10     | Noticed Psyche
  5748 | D:10     | Reached skill level 12 in Axes
  5766 | D:10     | Killed Psyche
  6155 | D:10     | Reached skill level 13 in Axes
  6161 | D:10     | Reached skill level 10 in Armour
  6241 | D:10     | Found a staircase to the Orcish Mines.
  6496 | D:11     | Lost mutation: Your rubbery body absorbs attacks. (AC +1,
                  | EV +1) [Jiyva's grace]
  6496 | D:11     | Gained mutation: You have a pair of large horns on your
                  | head. [Jiyva's grace]
  6496 | D:11     | Gained mutation: Your body has grown eyes which may confuse
                  | attackers. (Acc +3) [Jiyva's grace]
  6496 | D:11     | Gained mutation: Your body has grown many eyes which may
                  | confuse attackers. (Acc +5) [Jiyva's grace]
  6496 | D:11     | Gained mutation: Your body is covered in eyes which may
                  | confuse attackers. (Acc +7, SInv) [Jiyva's grace]
  6602 | D:11     | Noticed a two-headed ogre
  6609 | D:11     | Killed a two-headed ogre
  6610 | D:11     | Reached skill level 10 in Fighting
  7004 | D:11     | Reached ****** piety under Jiyva
  7027 | D:11     | Found a snail-covered altar of Cheibriados.
  7027 | D:11     | Found Cheibriados's Comfort Zone.
  7291 | D:11     | Reached XP level 11. HP: 100/100 MP: 10/10
  7295 | D:11     | Found the +0 staff of Battle
  7303 | D:11     | Reached skill level 14 in Axes
  7458 | Orc:1    | Entered Level 1 of the Orcish Mines
  7585 | Orc:1    | Noticed an orc sorcerer
  7590 | Orc:1    | Found Feabe Laick's General Store.
  7594 | Orc:1    | Killed an orc sorcerer
  7615 | Orc:1    | Noticed Maurice
  7629 | Orc:1    | Killed Maurice
  7648 | Orc:1    | Bought a scroll of identify for 36 gold pieces
  7653 | Orc:1    | Bought a scroll of identify for 36 gold pieces
  7658 | Orc:1    | Bought a scroll of enchant weapon for 135 gold pieces
  7742 | Orc:2    | Entered Level 2 of the Orcish Mines
  7742 | Orc:2    | Noticed an orc knight
  7742 | Orc:2    | Noticed an orc sorcerer
  7791 | Orc:2    | Noticed Urug
  7791 | Orc:2    | Noticed Saint Roka
  7794 | Orc:1    | HP: 1/101 [orc warrior/+0 dire flail[Saint Roka] (17)]
  7796 | Orc:1    | Demolished by an orc knight

Illustrated notes

Levels and vault maps discovered:
D:1:      tarquinn_simple_flora_water_b, layout_rooms
D:2:      layout_rooms, uniq_jessica
D:3:      layout_rooms, lemuel_coloured_pillars_altar,
          mainiacjoe_overflow_concentric_impassable, yredelemnul_altar_generic,
          nicolae_ecumenical_pavilion, chequers_serial_rivers_large_b,
          chequers_serial_rivers_micro_b, minmay_misc_feat_x,
          small_statue_intersection
D:4:      layout_loops_ring, uniq_blork_the_orc
D:5:      kennysheep_big_flooded_room, layout_loops_ring,
          nicolae_qazlal_style_of_elements
D:6:      layout_basic, okawaru_metal_pillars_1_2, hangedman_decor_push
D:7:      layout_loops_corners, mainiacjoe_overflow_boulevard,
          nicolae_hepliaklqana_hippocampus, minmay_temple_entry_hall
D:8:      layout_loops_ring, mainiacjoe_overflow_catwalk, zin_scriptorium,
          david_lair_generic, ebering_ghost_reflecting_pool, skrybe_limestone_x
D:9:      layout_loops_cross, lemuel_round_altar,
          chequers_temple_overflow_statue_of_worship, gammafunk_ghost_smash,
          st_stairs_11
D:10:     layout_stronghold, orc_0_dummy, uniq_psyche
D:11:     layout_basic, kennysheep_cross_bottleneck, minmay_shop_chei,
          hellmonk_guarded_unrand_staff_of_battle
Orc:1:    layout_caves, serial_shops, nicolae_shop_waterfront, uniq_erica,
          uniq_maurice
Orc:2:    grunt_orc_cross, layout_caves, gauntlet_entry_generic, uniq_josephine

Skill      XL: |  1  2  3  4  5  6  7  8  9 10 11 |
---------------+----------------------------------+-----
Shields        | 4 5 6 7 |  7.3
Fighting       | 4 5 6 7 8 10 | 10.6
Armour         | 4 5 6 8 9 10 | 10.8
Axes           | 3 4 5 6 7 9 11 13 14 | 14.3

Action                   |  1- 3 |  4- 6 |  7- 9 | 10-12 || total
-------------------------+-------+-------+-------+-------++-------
Melee: War axe           |    52 |   101 |   158 |   178 ||   489
       Headbutt          |     5 |    11 |    19 |    49 ||    84
Invok: Oozemancy         |       |       |     3 |     2 ||     5
  Use: Potion            |       |       |     2 |       ||     2
       Scroll            |       |       |       |     7 ||     7
 Stab: Confused          |       |       |       |     3 ||     3
       Distracted        |       |       |       |     2 ||     2
Armor: Scale mail        |    27 |    43 |    98 |    20 ||   188
       Plate armour      |       |       |       |    55 ||    55
       Chain mail        |       |       |       |     6 ||     6
Dodge: Dodged            |    23 |    40 |    65 |    61 ||   189
Block: Buckler           |    18 |    19 |    40 |    34 ||   111
